 Dungeon Sprint DCSS version 0.29-a0-577-gafbf2c5d25 (webtiles) character file.

Game seed: 15016061573313157899

1038 mhtbhm the Martial Artist (level 8, -2/69 HPs)
             Began as a Djinni Transmuter on June 13, 2022.
             Was an Initiate of Gozag.
             Slain by a two-headed ogre
             ... wielding a +0 giant spiked club
              (31 damage)
             ... in the Dungeon (Sprint III: "The Ten Rune Challenge").
             The game lasted 00:04:13 (1966 turns).

mhtbhm the Martial Artist (Djinni Transmuter)       Turns: 1966, Time: 00:04:13

Health: -2/69      AC:  8    Str: 11    XL:     8   Next: 48%
Gold:   550        EV: 13    Int: 14    God:    Gozag SH:  0 Dex: 15

rFire   x . .      SeeInvis .     - Unarmed
rCold   + + +      Faith    .   (shield currently unavailable)
rNeg    . . .      Spirit   .   (body armour currently unavailable)
rPois   ∞          Reflect  .   (helmet currently unavailable)
rElec   .          Harm     .   (cloak currently unavailable)
rCorr   .          Rampage  .   (gloves currently unavailable)
Will    .....      NoTele   +   (boots unavailable)
Stlth   ++........              (no amulet)
HPRegen 0.21/turn               (no ring)
MPRegen 0.00/turn               (no ring)

@: ice-form, flying
A: freezing attack, flying, boosted hp, sickness immunity, large, (fire
resistance 2), (cold vulnerability 1), float, innate caster, HP casting, extra
vitality 1
a: End Transformation, Renounce Religion, Potion Petition, Call Merchant, Bribe
Branch


You were in the Dungeon.
You worshipped Gozag.
Gozag was pleased with you.
You were a creature of crystalline ice.
You visited 1 branch You collected 550 gold pieces.

Inventory:

Armour
 a - a +0 robe (melded)
Scrolls
 f - 2 scrolls of immolation {unknown}
 g - 2 scrolls of blinking
 i - 2 scrolls of identify
Potions
 c - a potion of curing
 d - a potion of heal wounds
 e - a potion of berserk rage
 h - a potion of might
 j - 6 potions of mutation
Miscellaneous
 b - a condenser vane


   Skills:
 + Level 4.0 Fighting
 + Level 7.0 Dodging
 - Level 0.7 Stealth
 + Level 13.1 Unarmed Combat
 + Level 7.4 Spellcasting
 + Level 1.0 Evocations


You had 6 spell levels left.
You knew the following spells:

 Your Spells              Type           Power      Damage    Failure   Level
a - Beastly Appendage     Tmut           52%        N/A       1%          1
b - Wereblood             Tmut           26%        N/A       1%          2
c - Spider Form           Tmut/Pois      26%        N/A       1%          3
d - Ice Form              Ice/Tmut       26%        N/A       6%          4
e - Sting                 Tmut/Pois      100%       1d8       1%          1
f - Static Discharge      Conj/Air       26%        N/A       1%          2
g - Ensorcelled Hibernat  Hex/Ice        52%        N/A       1%          2
Your spell library was empty.

Dungeon Overview and Level Annotations

Branches:
Dungeon (1/1)

Altars:
Cheibriados
Dithmenos
Fedhas
Gozag
Hepliaklqana
Kikubaaqudgha
Makhleb
Nemelex Xobeh
Okawaru
Qazlal
Ru
Sif Muna
Trog
Uskayaw
Vehumet
Wu Jian
Xom
Yredelemnul
Beogh
Jiyva
Lugonu


Innate Abilities, Weirdness & Mutations

You are a creature of crystalline ice.
You have a powerful freezing melee attack.
You are flying.
Your maximum health is increased.
Your armour is entirely melded.
You are incapable of wielding weapons or throwing items.
You are immune to sickness and miasma.
You are immune to poison.
((Your flesh is very heat resistant. (rF++)))
((You are vulnerable to cold. (rC-)))
You float through the air rather than walking.
You learn spells naturally, not from books.
Your magical power is your life essence.
You have superior vitality. (+4 MHP)


Message History

You start resting.
Your transformation is almost over.
You start resting.
You warm up again.
Your +0 robe unmelds from your body.
You start resting.
You start resting.
You start resting.
You start resting.
You start resting.
HP restored.
You start waiting.
You start waiting.
There is an open door to the Ecumenical Temple here.
There is a fountain of clear blue water here.
There is an open door here.
There is an open door here.
Things that are here:
a +0 dire flail; a +0 giant club You now have 550 gold pieces (gained 135).
Things that are here:
a +0 giant club; a +0 giant club
Casting: Ice Form (dangerous; 6% risk of failure)
Confirm with . or Enter, or press ? or * to list all spells.
You turn into a creature of crystalline ice.
Your +0 robe melds into your body.
A two-headed ogre comes into view.
It is wielding a +0 giant spiked club and a +0 giant club.
The two-headed ogre shouts in stereo!
You hit the two-headed ogre. You freeze the two-headed ogre.
The two-headed ogre is lightly wounded.
The two-headed ogre hits you with a +0 giant spiked club!
The two-headed ogre hits you with a +0 giant club!!
You barely miss the two-headed ogre.
The two-headed ogre is lightly wounded.
You punch the two-headed ogre! You freeze the two-headed ogre.
The two-headed ogre is heavily wounded.
The two-headed ogre misses you.
The two-headed ogre hits you with a +0 giant club!!
You die...
Your body crumbles into a pile of gold.

__)#._#$$ $ '###'##
$$ ......# $ $
......# $ $ $
#####'#$$ $$
__#...#+###########
__#...#....#.#.#..
__#...##.#..#.##O#
__#...'##)#.#.##Y#
__'...#..)#..#..##
▓▓▓▓▓▓▓▓▓▓▓▓▓▓▓▓▓
$$


You could see a two-headed ogre.

Vanquished Creatures
  A shadow (D)
  A spatial vortex (D)
  3 two-headed ogres (D)
  A water elemental (D)
  A necrophage (D)
  A jelly (D)
  A wizard (D)
  A necromancer (D)
  3 humans (D)
  A kobold demonologist (D)
  A wolf (D)
  2 endoplasms (D)
  2 rats (D)
19 creatures vanquished.

Notes
Turn   | Place    | Note
-------+----------+-------------------------------------------
     0 | D        | mhtbhm the Djinni Transmuter began the quest for the Orb.
     0 | D        | Reached XP level 1. HP: 17/17 MP: 0/0
   677 | D        | Noticed a wolf
   685 | D        | Killed a wolf
   686 | D        | Reached skill level 4 in Unarmed Combat
   686 | D        | Reached XP level 2. HP: 16/22 MP: 0/0
   690 | D        | Reached skill level 5 in Unarmed Combat
   690 | D        | Reached XP level 3. HP: 15/27 MP: 0/0
   690 | D        | Learned a level 1 spell: Sting
   901 | D        | Noticed a water elemental
   924 | D        | Killed a water elemental
   925 | D        | Reached skill level 7 in Unarmed Combat
   925 | D        | Reached XP level 4. HP: 21/32 MP: 0/0
   925 | D        | Reached XP level 5. HP: 24/37 MP: 0/0
   925 | D        | Learned a level 2 spell: Static Discharge
  1118 | D        | Found a basalt altar of Yredelemnul.
  1118 | D        | Found a shadowy altar of Dithmenos.
  1118 | D        | Found a sacrificial altar of Ru.
  1123 | D        | Reached skill level 8 in Unarmed Combat
  1125 | D        | Reached skill level 5 in Dodging
  1136 | D        | Reached skill level 9 in Unarmed Combat
  1136 | D        | Reached XP level 6. HP: 41/43 MP: 0/0
  1248 | D        | Noticed a shadow
  1255 | D        | Reached skill level 5 in Spellcasting
  1255 | D        | Killed a shadow
  1256 | D        | Reached skill level 10 in Unarmed Combat
  1256 | D        | Reached XP level 7. HP: 34/50 MP: 0/0
  1256 | D        | Learned a level 2 spell: Ensorcelled Hibernation
  1261 | D        | Found a blossoming altar of Fedhas.
  1261 | D        | Found a stormy altar of Qazlal.
  1261 | D        | Found a snail-covered altar of Cheibriados.
  1261 | D        | Found a burning altar of Makhleb.
  1261 | D        | Found a shimmering altar of Xom.
  1262 | D        | Found a hazy altar of Hepliaklqana.
  1262 | D        | Found an opulent altar of Gozag.
  1262 | D        | Found a sparkling altar of Nemelex Xobeh.
  1262 | D        | Found a corrupted altar of Lugonu.
  1262 | D        | Found a viscous altar of Jiyva.
  1262 | D        | Noticed a spatial vortex
  1269 | D        | Killed a spatial vortex
  1270 | D        | Reached skill level 11 in Unarmed Combat
  1277 | D        | Became a worshipper of Gozag Ym Sagoz the Greedy
  1406 | D        | Found a hide-covered altar of Uskayaw.
  1406 | D        | Found an iron altar of Okawaru.
  1406 | D        | Found a bloodstained altar of Trog.
  1406 | D        | Found an ornate altar of the Wu Jian Council.
  1406 | D        | Noticed a human
  1406 | D        | Noticed a human
  1410 | D        | Killed a human
  1411 | D        | Reached skill level 12 in Unarmed Combat
  1417 | D        | Killed a human
  1418 | D        | Reached XP level 8. HP: 58/58 MP: 0/0
  1599 | D        | Reached skill level 13 in Unarmed Combat
  1599 | D        | Reached skill level 1 in Evocations
  1962 | D        | Noticed a two-headed ogre
  1966 | D        | Slain by a two-headed ogre

Illustrated notes

Levels and vault maps discovered:
D:        dungeon_sprint_mu [sprint_mu_entry_cave, sprint_mu_temple_rooms,
          sprint_mu_d1_spiders, sprint_mu_d2_genie, sprint_mu_d3_branching,
          sprint_mu_orc_legion, sprint_mu_elf_gauntlet, sprint_mu_hive_nellie,
          sprint_mu_lair_fedhas, sprint_mu_vaults_butterflies,
          sprint_mu_slime_circle, sprint_mu_swamp_cave, sprint_mu_shoals_kraken,
          sprint_mu_blade_basic, sprint_mu_crypt_chambers,
          sprint_mu_tomb_spiral, sprint_mu_vestibule_basic,
          sprint_mu_gehenna_hellfire, sprint_mu_dis_giant,
          sprint_mu_tartarus_statrot, sprint_mu_cocytus_islands, sprint_mu_zot1]

Skill      XL: |  1  2  3  4  5  6  7  8 |
---------------+-------------------------+-----
Dodging        | 3 4 5 6 7 |  7.0
Unarmed Combat | 4 5 7 9 10 12 13 | 13.1
Spellcasting   | 2 3 4 5 7 |  7.4
Fighting       | 2 3 4 |  4.0
Evocations     | 1 |  1.0
Stealth        | |  0.7

Action                   |  1- 3 |  4- 6 |  7- 9 || total
-------------------------+-------+-------+-------++-------
Melee: Unarmed           |    29 |    13 |    23 ||    65
       Headbutt          |     4 |       |       ||     4
       Punch             |     1 |       |       ||     1
 Cast: Beastly Appendage |     4 |       |       ||     4
       Wereblood         |     1 |     2 |     1 ||     4
       Spider Form       |     1 |       |       ||     1
       Ice Form          |       |     2 |     4 ||     6
Evoke: Condenser vane    |       |       |     2 ||     2
  Use: Potion            |     3 |       |       ||     3
 Stab: Sleeping          |     1 |       |       ||     1
Armor: Robe              |     1 |       |       ||     1
       Skin              |     1 |     2 |       ||     3
Dodge: Dodged            |    14 |     2 |     7 ||    23

Table legend: (Time is in decaauts)
 A = Elapsed time spent in this place.
 B = Non-inter-level travel time spent in this place.
 C = Inter-level travel time spent in this place.
 D = Time resting spent in this place.
 E = Time spent auto-exploring this place.
 F = Levels seen in this place.
 G = Mean time per level.
                   A        B        C        D        E       F      G
               +--------+--------+--------+--------+--------+-----+--------+
         Total |   1948 |   1948 |      0 |   1537 |     10 |   1 | 1948.0 |
       Dungeon |   1948 |   1948 |      0 |   1537 |     10 |   1 | 1948.0 |
               +--------+--------+--------+--------+--------+-----+--------+

Top non-repeatable levels by time:
       D: 1948 daAuts
